 Dungeon Crawl Stone Soup version 0.30.1-11-g7821555f0a (webtiles) character file.

Game seed: 288464269319482335

59 SacredBeard the Grave Robber (level 3, -2/24 HPs)
             Began as a Demonspawn Necromancer on Dec 10, 2023.
             Slain by Terence
             ... wielding a +1 mace of holy wrath
              (6 damage)
             ... on level 2 of the Dungeon.
             The game lasted 00:02:45 (1377 turns).

SacredBeard the Grave Robber (DsNe)                 Turns: 1377, Time: 00:02:46

Health: -2/24      AC:  3    Str: 20    XL:     3   Next: 78%
Magic:  1/6        EV: 12    Int: 16    God:
Gold:   17         SH:  0    Dex: 15    Spells: 5/6 levels left

rFire   . . .        k - +4 dagger
rCold   . . .        (no shield)
rNeg    . . .        j - +0 leather armour
rPois   .            (no helmet)
rElec   .            (no cloak)
rCorr   .            (no gloves)
SInv    .            (no boots)
Will    .....        (no amulet)
Stlth   ++           f - +6 ring of strength
HPRegen 0.24/turn    o - +6 ring of strength
MPRegen 0.10/turn

%: no passive effects
@: no status effects
A: foul stench 1
a: no special abilities


You were on level 2 of the Dungeon.
You visited 1 branch of the dungeon, and saw 2 of its levels.

You collected 17 gold pieces.

Inventory:

Hand Weapons
 c - a +0 spear
 k - a +4 dagger (weapon)
Missiles
 h - 7 stones
Armour
 j - a +0 leather armour (worn)
Jewellery
 f - a +6 ring of strength (left hand)
 n - a ring of flight
 o - a +6 ring of strength (right hand)
Scrolls
 a - 2 scrolls of identify {unknown}
 i - a scroll of teleportation {unknown}
 l - a scroll of enchant armour {unknown}
 m - a scroll of brand weapon {unknown}
Potions
 b - 2 potions of magic
 d - a potion of might {unknown}
 e - 2 potions of curing {unknown}
 g - 2 potions of invisibility {unknown}


   Skills:
 - Level 2.0 Dodging
 - Level 2.0 Stealth
 - Level 2.0 Spellcasting
 * Level 5.8 Necromancy


You had 5 spell levels left.
You knew the following spells:

 Your Spells              Type           Power      Damage    Failure   Level
a - Necrotise             Necr           80%        1d8       2%          1

Your spell library contained the following spells:

 Spells                   Type           Power      Damage    Failure   Level
 Sublimation of Blood     Necr           20%        N/A       3%          2
 Vampiric Draining        Necr           20%        2d7       7%          3
 Animate Dead             Necr           20%        N/A       22%         4
 Agony                    Necr           20%        N/A       52%         5
 Petrify                  Tmut/Erth      1%         N/A       94%         4
 Irradiate                Conj/Tmut      0%         3d11      100%        5


Dungeon Overview and Level Annotations

Branches:
Dungeon (2/15) Zot: 10622

Altars:

Shops:
D:1 *

Annotations:
D:2 Terence


Innate Abilities, Weirdness & Mutations

You may rarely emit foul miasma when damaged in melee.


Message History

Terence shouts!
You can't see any susceptible monsters within range! (Use Z to cast anyway.)
You can't see any susceptible monsters within range! (Use Z to cast anyway.)
You see here a giant cockroach corpse.
Terence writhes in agony.
Terence writhes in agony!
Your ball python skeleton barely misses Terence.
Your ball python skeleton grabs Terence.
Your ball python skeleton constricts Terence.
Terence hits you with a +1 mace of holy wrath.
You convulse.
Casting: Necrotise (safe; 2% risk of failure)
Confirm with . or Enter, or press ? or * to list all spells.
Aiming: Necrotise (safe; 2% risk of failure)
Press: ? - help, Shift-Dir - straight line, f/p - Terence
Aim: Terence, wielding a +1 mace of holy wrath and wearing a +0 ring mail (heavily wounded, constricted by your ball python skeleton, ally target, chance to affect: 84%) Terence writhes in agony.
Terence hits you with a +1 mace of holy wrath!
You convulse!
* * * LOW HITPOINT WARNING * * *
Your ball python skeleton bites Terence but does no damage.
Your ball python skeleton constricts Terence.
You hit Terence.
Terence is severely wounded.
Your ball python skeleton bites Terence.
Your ball python skeleton constricts Terence.
Terence hits your ball python skeleton with a +1 mace of holy wrath!
Your ball python skeleton is destroyed!
Terence shouts!
You barely miss Terence.
Terence is almost dead.
Your rat skeleton bites Terence but does no damage.
Terence hits your rat skeleton with a +1 mace of holy wrath!
Your rat skeleton is destroyed!
Terence shouts!
Unknown command.
You hit Terence.
Terence is almost dead.
Terence hits you with a +1 mace of holy wrath.
You die...

#.# #####.###
.......# ##.##.(....
...##.$...#
#..##.....#
#..##..@..#
#..##...@.#
#..####†### #..# #.#
#########..# #.#
...........####.####
######.............#
#........###.###.#
####†...<....##.#
....).........#.#


You could see Terence.

Vanquished Creatures
  Natasha (D:2)
  A worm (D:1)
  2 endoplasms
  3 giant cockroaches
  2 goblins
  5 hobgoblins
  2 kobolds (D:1)
  2 ball pythons
  2 bats
  2 frilled lizards (D:1)
  6 rats
28 creatures vanquished.

Vanquished Creatures (collateral kills)
  A kobold (D:2)
1 creature vanquished.

Grand Total: 29 creatures vanquished

Notes
Turn   | Place    | Note
-------+----------+-------------------------------------------
     0 | D:1      | SacredBeard the Demonspawn Necromancer began the quest for
                  | the Orb.
     0 | D:1      | Reached XP level 1. HP: 13/13 MP: 3/3
   205 | D:1      | Found a faded altar of an unknown god.
   216 | D:1      | Gained mutation: You may rarely emit foul miasma when
                  | damaged in melee. [demonic ancestry]
   216 | D:1      | Reached XP level 2. HP: 19/19 MP: 0/5
   431 | D:1      | Found Zosyeci's Assorted Antiques.
   755 | D:1      | Reached skill level 5 in Necromancy
  1025 | D:2      | Noticed Natasha
  1163 | D:2      | Killed Natasha
  1164 | D:2      | Reached XP level 3. HP: 16/24 MP: 1/6
  1367 | D:2      | Noticed Terence
  1377 | D:2      | Slain by Terence

Illustrated notes

Levels and vault maps discovered:
D:1:      wander_arrival_lonely_grave, layout_basic,
          shapermc_ecumenical_altar_mp_ritualfount, serial_shops, shop
D:2:      layout_loops_ring, uniq_terence, uniq_natasha

Skill      XL: |  1  2 |
---------------+-------+-----
Stealth        | 2 |  2.0
Dodging        | 2 |  2.0
Necromancy     | 5 |  5.8
Spellcasting   | |  2.0

Action                     || total
---------------------------++-------
  Melee: Spear             ||     6
         Dagger            ||    11
   Cast: Necrotise         ||    53
  Dodge: Dodged            ||    11
